 Dungeon Crawl Stone Soup version 0.28-a0-537-g3bccd9ccbf (webtiles) character file.

Game seed: 13486997169035827397

133 HoaS the Twirler (level 5, 0/30 HPs)
             Began as a Gargoyle Gladiator on Sept 27, 2021.
             Killed by divine providence
             ... invoked by an orc priest
              (12 damage)
             ... on level 2 of the Dungeon.
             The game lasted 00:03:53 (2047 turns).

HoaS the Twirler (Gargoyle Gladiator)               Turns: 2047, Time: 00:03:53

Health: 0/30       AC:  8    Str: 18    XL:     5   Next: 16%
Magic:  5/5        EV: 12    Int:  9    God:
Gold:   98         SH:  0    Dex: 11    Spells: 4/4 levels left

rFire   . . .      SeeInvis .   a - +0 quarterstaff
rCold   . . .      Faith    .   (shield currently unavailable)
rNeg    + . .      Spirit   .   b - +0 leather armour
rPois   ∞          Reflect  .   c - +0 helmet
rElec   +          Harm     .   (no cloak)
rCorr   .          Rampage  .   (no gloves)
Will    .....                   (no boots)
Stlth   +.........              (no amulet)
HPRegen 0.10/turn               (no ring)
MPRegen 0.09/turn               (no ring)

@: no status effects
A: sickness immunity, AC +4, negative energy resistance 1, electricity
resistance, torment resistance 1, petrification resistance
a: no special abilities


You were on level 2 of the Dungeon.
You visited 1 branch of the dungeon, and saw 3 of its levels.

You collected 98 gold pieces.

Inventory:

Hand Weapons
 a - a +0 quarterstaff (weapon)
Missiles
 d - 2 throwing nets (quivered)
 g - 13 arrows
Armour
 b - a +0 leather armour (worn)
 c - a +0 helmet (worn)
Jewellery
 e - a ring of fire
Scrolls
 i - a scroll of blinking {unknown}
 k - a scroll of identify {unknown}
 l - 2 scrolls of enchant armour {unknown}
Potions
 f - a potion of degeneration {unknown}
 h - a potion of attraction {unknown}
 j - a potion of heal wounds {unknown}


   Skills:
 - Level 2.1 Fighting
 * Level 5.7 Staves
 - Level 1.7 Throwing
 - Level 2.4 Dodging


You had 4 spell levels left.
You didn't know any spells.
Your spell library contained the following spells:

 Spells                   Type           Power      Damage    Failure   Level
 Ozocubu's Armour         Ice            0%         N/A       82%         3
 Summon Guardian Golem    Hex/Summ       0%         N/A       82%         3
 Orb of Destruction       Conj           0%         N/A       100%        7
 Ozocubu's Refrigeration  Ice            0%         4d5       100%        7
 Spellforged Servitor     Conj/Summ      0%         N/A       100%        7


Dungeon Overview and Level Annotations

Branches:
Dungeon (3/15)

Altars:


Innate Abilities, Weirdness & Mutations

You are immune to sickness and miasma.
Your stone body is resilient. (AC +4)
You are immune to poison.
You resist negative energy. (rN+)
You are resistant to electric shocks. (rElec)
You are resistant to unholy torment.
You are immune to petrification.


Message History

The ball python bites you but does no damage.
The ball python constricts you.
You closely miss the ball python.
The ball python bites you but does no damage.
The ball python constricts you.
You sock the ball python!
You kill the ball python!
The orc priest completely misses you. The orc priest closely misses you.
The orc priest misses you.
The orc priest hits you but does no damage.
You climb upwards.
There is a stone staircase leading down here.
You sock the orc priest!
The orc priest is heavily wounded.
The orc priest hits you but does no damage. x2
You closely miss the orc priest.
The orc priest is heavily wounded.
The orc priest hits you with a +0 short sword.
The orc priest completely misses you.
You closely miss the orc priest.
The orc priest is heavily wounded.
The orc priest looks satisfied for a moment.
The orc priest completely misses you.
You hit the orc priest.
The orc priest is almost dead.
The orc priest mumbles some strange prayers to Beogh against you.
You barely resist. The orc priest closely misses you.
You thump the orc priest!
You kill the orc priest!
The orc priest invokes the aid of Beogh against you.
Beogh smites you!
You have reached level 5!
You hit the orc priest.
The orc priest is moderately wounded.
The orc priest hits you but does no damage.
You hit the orc priest.
The orc priest is severely wounded.
The orc priest invokes the aid of Beogh against you.
Beogh smites you!
You die...

.## #####.......# #...# ..#
######.......#### #...### ..#
##...#........#### #...... ..#
##..(....##......÷#####..)### ..#
#........#......#............ #.#
#...............(............ #.#
#........###...##............ #.#
##...........o.##.#####...### ..#
##...#.....@)....# #...... ###
############)#### #...### #.#
#...# ## #######.# #...# .###
#.......# ##.####
...#########.####### #....#
.#...........##################.#
...############<............# #..
.### #.#####.#...#.###..


You could see an orc priest.

Vanquished Creatures
  An orc priest (D:2)
  Natasha (twice) (D:2)
  2 worms (D:2)
  2 dart slugs
  2 orcs (D:2)
  3 bats
  4 endoplasms
  3 goblins (D:1)
  5 hobgoblins (D:1)
  3 jackals (D:2)
  A quokka (D:1)
  4 ball pythons
  3 frilled lizards
  3 kobolds
  2 rats (D:2)
40 creatures vanquished.

Vanquished Creatures (others)
  2 fungi (D:1)
  A plant (D:1)
3 creatures vanquished.

Grand Total: 43 creatures vanquished

Notes
Turn   | Place    | Note
-------+----------+-------------------------------------------
     0 | D:1      | HoaS the Gargoyle Gladiator began the quest for the Orb.
     0 | D:1      | Reached XP level 1. HP: 12/12 MP: 1/1
   204 | D:1      | Reached XP level 2. HP: 15/17 MP: 2/2
   654 | D:1      | Reached skill level 4 in Staves
   657 | D:1      | Found a faded altar of an unknown god.
   685 | D:1      | Reached XP level 3. HP: 13/21 MP: 3/3
  1814 | D:3      | Noticed Natasha
  1826 | D:2      | Killed Natasha
  1827 | D:2      | Reached skill level 5 in Staves
  1827 | D:2      | Reached XP level 4. HP: 21/26 MP: 4/4
  1837 | D:2      | Noticed Natasha
  1845 | D:2      | Killed Natasha
  2046 | D:2      | Reached XP level 5. HP: 12/30 MP: 5/5
  2047 | D:2      | Killed from afar by an orc priest

Illustrated notes

Levels and vault maps discovered:
D:1:      dpeg_arrival_rooms_c, layout_basic,
          shapermc_ecumenical_altar_mp_ritualfount
D:2:      layout_loops_cross
D:3:      layout_loops_ring, nicolae_gozag_seed_capital, bloody_trog,
          nicolae_uskayaw_en_pointe, gammafunk_ghost_smash, serial_shops,
          shop_fountains, uniq_ijyb, uniq_purgy, uniq_natasha

Skill      XL: |  1  2  3 |
---------------+----------+-----
Staves         | 4 5 |  5.7
Fighting       | |  2.1
Throwing       | |  1.7
Dodging        | |  2.4

Action                   |  1- 3 |  4- 6 || total
-------------------------+-------+-------++-------
Melee: Quarterstaff      |   100 |    21 ||   121
Throw: Throwing net      |     3 |       ||     3
  Use: Scroll            |     1 |       ||     1
Armor: Leather armour    |    29 |    11 ||    40
Dodge: Dodged            |    63 |    17 ||    80

Table legend: (Time is in decaauts)
 A = Elapsed time spent in this place.
 B = Non-inter-level travel time spent in this place.
 C = Inter-level travel time spent in this place.
 D = Time resting spent in this place.
 E = Time spent auto-exploring this place.
 F = Levels seen in this place.
 G = Mean time per level.
                   A        B        C        D        E       F      G
               +--------+--------+--------+--------+--------+-----+--------+
         Total |   2080 |   2016 |     64 |    833 |    800 |   3 |  693.3 |
       Dungeon |   2080 |   2016 |     64 |    833 |    800 |   3 |  693.3 |
               +--------+--------+--------+--------+--------+-----+--------+

Top non-repeatable levels by time:
     D:2: 1257 daAuts
     D:1: 809 daAuts
     D:3: 13 daAuts
